BSA
LOS ANGELES BRUINS @ HENDERSONVILLE HITMEN
06/03/2024
 
TOP OF THE 1ST
Los Angeles Bruins batting - Pitching for Hendersonville Hitmen : RHP Carlos Hernández
Pitching: RHP Carlos Hernández
Batting: SHB Ramón Lugo 0-0: Fly out, F6 (Popup, 56D)
Batting: RHB Tom Doherty 0-0: Ball
1-0: Foul Ball, location: 2F
1-1: DOUBLE (Flyball, 7LS)
Batting: LHB Richard Hunter 0-0: Foul Ball, location: 2F
0-1: Ball
1-1: Called Strike
1-2: DOUBLE (Groundball, 3L)
Tom Doherty scores
Batting: RHB Rubén Calderón 0-0: Called Strike
0-1: Ball
1-1: Foul Ball, location: 2F
1-2: Foul Ball, location: 2F
1-2: Foul Ball, location: 2F
1-2: Foul Ball, location: 2F
1-2: Foul Ball, location: 2F
1-2: Fly out, F8 (Flyball, 8LM)
Batting: SHB Miguel González 0-0: Ball
1-0: Called Strike
1-1: Foul Ball, location: 2F
1-2: Foul Ball, location: 2F
1-2: Ball
2-2: Foul Ball, location: 2F
2-2: Ball
3-2: Fly out, F7 (Flyball, 78D)
Top of the 1st over - 1 run(s), 2 hit(s), 0 error(s), 1 left on base; Los Angeles 1 - Hendersonville 0
BOTTOM OF THE 1ST
Hendersonville Hitmen batting - Pitching for Los Angeles Bruins : RHP Alejandro Méndez
Pitching: RHP Alejandro Méndez
Batting: RHB Carlos García 0-0: Ball
1-0: Foul Ball, location: 2F
1-1: Ground out 6-3 (Groundball, 56)
Batting: SHB Tony López 0-0: Fly out, F7 (Flyball, 7LS)
Batting: RHB Manolo Román 0-0: Foul Ball, location: 2F
0-1: Ball
1-1: SINGLE (Groundball, 56D)
Batting: LHB Lorenzo Villa 0-0: Ball
1-0: Ball
2-0: Foul Ball, location: 2F
2-1: Ball
3-1: Base on Balls
Manolo Román to second
Batting: LHB Terry White 0-0: Called Strike
0-1: Called Strike
0-2: Foul Ball, location: 2F
0-2: Strikes out swinging
Bottom of the 1st over - 0 run(s), 1 hit(s), 0 error(s), 2 left on base; Los Angeles 1 - Hendersonville 0
TOP OF THE 2ND
Los Angeles Bruins batting - Pitching for Hendersonville Hitmen : RHP Carlos Hernández
Batting: RHB Morgan Gibbon 0-0: Called Strike
0-1: Ball
1-1: SINGLE (Line Drive, 34D)
Batting: SHB Zach Franks 0-0: Ball
1-0: Ground out U3 (Groundball, 3S)
Morgan Gibbon to second
Batting: RHB Shizue Chouda 0-0: Called Strike
0-1: Ball
1-1: Foul Ball, location: 2F
1-2: Ball
2-2: Ball
3-2: DOUBLE (Groundball, 5L)
Morgan Gibbon scores
Batting: SHB Lee Townsend 0-0: Called Strike
0-1: Foul Ball, location: 2F
0-2: Ball
1-2: Ball
2-2: Foul Ball, location: 2F
2-2: Fly out, F7 (Flyball, 7M)
Batting: SHB Ramón Lugo 0-0: Called Strike
0-1: Fly out, F9 (Line Drive, 9M)
Top of the 2nd over - 1 run(s), 2 hit(s), 0 error(s), 1 left on base; Los Angeles 2 - Hendersonville 0
BOTTOM OF THE 2ND
Hendersonville Hitmen batting - Pitching for Los Angeles Bruins : RHP Alejandro Méndez
Batting: SHB David Johnstone 0-0: Ball
1-0: Ball
2-0: Ball
3-0: Called Strike
3-1: Fly out, F9 (Flyball, 9M)
Batting: LHB Jerry Johnston 0-0: Ball
1-0: Fly out, F7 (Flyball, 8LM)
Batting: RHB Robert Buckley 0-0: Ball
1-0: SINGLE (Groundball, 4M)
Batting: RHB Taylor McFarland 0-0: SINGLE (Groundball, 6MD) (infield hit)
Robert Buckley to second
Batting: RHB Carlos García 0-0: Ball
1-0: Foul Ball, location: 2F
1-1: Ball
2-1: Ball
3-1: Foul Ball, location: 2F
3-2: Foul Ball, location: 2F
3-2: SINGLE (Groundball, 34D)
Robert Buckley to third
Taylor McFarland to second
Robert Buckley scores
Taylor McFarland to third
Batting: SHB Tony López Pickoff Throw to First - Error! E1
Taylor McFarland scores
Carlos García to second
0-0: Called Strike
0-1: Ball
1-1: Ground out 6-3 (Groundball, 6)
Bottom of the 2nd over - 2 run(s), 3 hit(s), 1 error(s), 1 left on base; Los Angeles 2 - Hendersonville 2
TOP OF THE 3RD
Los Angeles Bruins batting - Pitching for Hendersonville Hitmen : RHP Carlos Hernández
Batting: RHB Tom Doherty 0-0: Ball
1-0: Ball
2-0: Ground out 6-3 (Groundball, 6)
Batting: LHB Richard Hunter 0-0: Called Strike
0-1: Fly out, F4 (Popup, 34D)
Batting: RHB Rubén Calderón 0-0: SINGLE (Line Drive, 56D)
Batting: SHB Miguel González 0-0: Ball
1-0: Foul Ball, location: 2F
1-1: Fly out, F5 (Popup, 5F)
Top of the 3rd over - 0 run(s), 1 hit(s), 0 error(s), 1 left on base; Los Angeles 2 - Hendersonville 2
BOTTOM OF THE 3RD
Hendersonville Hitmen batting - Pitching for Los Angeles Bruins : RHP Alejandro Méndez
Batting: RHB Manolo Román 0-0: Ball
1-0: Called Strike
1-1: Foul Ball, location: 2F
1-2: Ground out 6-3 (Groundball, 6)
Batting: LHB Lorenzo Villa 0-0: Ball
1-0: Ball
2-0: Ball
3-0: Called Strike
3-1: Base on Balls
Batting: LHB Terry White 0-0: Ball
1-0: Called Strike
1-1: Foul Ball, location: 2F
1-2: Strikes out swinging
Batting: SHB David Johnstone 0-0: Ball
1-0: SINGLE (Groundball, 4MD)
Lorenzo Villa to second
Batting: LHB Jerry Johnston 0-0: Called Strike
0-1: Foul Ball, location: 2F
0-2: 3-RUN HOME RUN (Flyball, 78XD), Distance : 423 ft
Batting: RHB Robert Buckley 0-0: Foul Ball, location: 2F
0-1: Ball
1-1: Ground out 2-3 (Groundball, 2L)
Bottom of the 3rd over - 3 run(s), 2 hit(s), 0 error(s), 0 left on base; Los Angeles 2 - Hendersonville 5
TOP OF THE 4TH
Los Angeles Bruins batting - Pitching for Hendersonville Hitmen : RHP Carlos Hernández
Batting: RHB Morgan Gibbon 0-0: Ball
1-0: Ball
2-0: Called Strike
2-1: Fly out, F4 (Popup, 4D)
Batting: SHB Zach Franks 0-0: Fly out, F6 (Popup, 6D)
Batting: RHB Shizue Chouda 0-0: Called Strike
0-1: Ball
1-1: Ball
2-1: Foul Ball, location: 2F
2-2: Foul Ball, location: 2F
2-2: Ball
3-2: SINGLE (Groundball, 4MD)
Batting: SHB Lee Townsend 0-0: Ball
1-0: Foul Ball, location: 2F
1-1: Foul Ball, location: 2F
1-2: Fly out, F8 (Flyball, 8LM)
Top of the 4th over - 0 run(s), 1 hit(s), 0 error(s), 1 left on base; Los Angeles 2 - Hendersonville 5
BOTTOM OF THE 4TH
Hendersonville Hitmen batting - Pitching for Los Angeles Bruins : RHP Alejandro Méndez
Batting: RHB Taylor McFarland 0-0: Ball
1-0: Foul Ball, location: 2F
1-1: Called Strike
1-2: Strikes out swinging
Batting: RHB Carlos García 0-0: Ball
1-0: Foul Ball, location: 2F
1-1: Ball
2-1: Foul Ball, location: 2F
2-2: Ball
3-2: Base on Balls
Batting: SHB Tony López 0-0: Called Strike
0-1: Ball
1-1: Called Strike
1-2: Ball
2-2: Foul Ball, location: 2F
2-2: Ball
3-2: Base on Balls
Carlos García to second
Batting: RHB Manolo Román 0-0: Ball
Carlos García steals 3rd base
Tony López to second
1-0: Ball
2-0: Ground out 6-3 (Groundball, 6M)
Carlos García scores
Tony López to third
Batting: LHB Lorenzo Villa 0-0: Ball
1-0: Ball
2-0: Ball
3-0: Base on Balls
Batting: LHB Terry White 0-0: Ball
1-0: Foul Ball, location: 2F
1-1: Called Strike
1-2: Foul Ball, location: 2F
1-2: Foul Ball, location: 2F
1-2: Ground out 1-3 (Groundball, 25)
Bottom of the 4th over - 1 run(s), 0 hit(s), 0 error(s), 2 left on base; Los Angeles 2 - Hendersonville 6
TOP OF THE 5TH
Los Angeles Bruins batting - Pitching for Hendersonville Hitmen : RHP Carlos Hernández
Batting: SHB Ramón Lugo 0-0: Swinging Strike
0-1: Ball
1-1: SINGLE (Line Drive, 7S)
Batting: RHB Tom Doherty 0-0: SINGLE (Line Drive, 7S)
Ramón Lugo to second
Batting: LHB Richard Hunter 0-0: Ball
1-0: Grounds into double play, 4-6-3 (Groundball, 4)
Ramón Lugo to third
Batting: RHB Rubén Calderón 0-0: Called Strike
0-1: Called Strike
0-2: Ball
1-2: Ball
2-2: Ground out 6-3 (Groundball, 6)
Top of the 5th over - 0 run(s), 2 hit(s), 0 error(s), 1 left on base; Los Angeles 2 - Hendersonville 6
BOTTOM OF THE 5TH
Hendersonville Hitmen batting - Pitching for Los Angeles Bruins : RHP Alejandro Méndez
Pitching: RHP António Juárez
Batting: SHB David Johnstone 0-0: Swinging Strike
0-1: Ground out 6-3 (Groundball, 6)
Batting: LHB Jerry Johnston 0-0: Swinging Strike
0-1: Foul Ball, location: 2F
0-2: Ball
1-2: Strikes out swinging
Batting: RHB Robert Buckley 0-0: Foul Ball, location: 2F
0-1: Ball
1-1: Ball
2-1: Called Strike
2-2: Ball
3-2: Strikes out looking
Bottom of the 5th over - 0 run(s), 0 hit(s), 0 error(s), 0 left on base; Los Angeles 2 - Hendersonville 6
TOP OF THE 6TH
Los Angeles Bruins batting - Pitching for Hendersonville Hitmen : RHP Carlos Hernández
Batting: SHB Miguel González 0-0: Ball
1-0: Foul Ball, location: 2F
1-1: Ball
2-1: Ground out 3-1 (Groundball, 34)
Batting: RHB Morgan Gibbon 0-0: Foul Ball, location: 2F
0-1: Ball
1-1: Fly out, F3 (Line Drive, 34)
Batting: SHB Zach Franks 0-0: Ball
1-0: Ball
2-0: Foul Ball, location: 2F
2-1: Swinging Strike
2-2: Foul Ball, location: 2F
2-2: Strikes out swinging
Top of the 6th over - 0 run(s), 0 hit(s), 0 error(s), 0 left on base; Los Angeles 2 - Hendersonville 6
BOTTOM OF THE 6TH
Hendersonville Hitmen batting - Pitching for Los Angeles Bruins : RHP António Juárez
Batting: RHB Taylor McFarland 0-0: Ball
1-0: Ball
2-0: Ball
3-0: Base on Balls
Batting: RHB Carlos García 0-0: Ball
1-0: Foul Ball, location: 2F
1-1: Foul Ball, location: 2F
1-2: Ball
2-2: Foul Ball, location: 2F
2-2: Ball
3-2: Strikes out swinging
Batting: SHB Tony López 0-0: Fly out, F3 (Popup, 13)
Batting: RHB Manolo Román 0-0: Foul Ball, location: 2F
0-1: Ball
1-1: Ball
2-1: Called Strike
2-2: Foul Ball, location: 2F
2-2: Fly out, F9 (Flyball, 9M)
Bottom of the 6th over - 0 run(s), 0 hit(s), 0 error(s), 1 left on base; Los Angeles 2 - Hendersonville 6
TOP OF THE 7TH
Los Angeles Bruins batting - Pitching for Hendersonville Hitmen : RHP Carlos Hernández
Batting: RHB Shizue Chouda 0-0: SINGLE (Line Drive, 9LS)
Batting: SHB Lee Townsend 0-0: Swinging Strike
Passed Ball!
Shizue Chouda to second
0-1: Ball
1-1: Ball
2-1: Reached on error, E4 (Groundball, 4M)
Shizue Chouda scores
Batting: SHB Ramón Lugo 0-0: Ball
1-0: Ground out 4-3 (Groundball, 4M)
Lee Townsend to third
Batting: RHB Tom Doherty 0-0: Swinging Strike
0-1: Ball
1-1: Fly out, F7 (Flyball, 78M)
Batting: LHB Richard Hunter 0-0: Ball
1-0: Swinging Strike
1-1: Ball
2-1: Ball
3-1: Foul Ball, location: 2F
3-2: Foul Ball, location: 2F
3-2: Foul Ball, location: 2F
3-2: Base on Balls
Pitching: RHP Héctor Reyes
Batting: RHB Rubén Calderón 0-0: Ball
1-0: Ground out 6-3 (Groundball, 6)
Top of the 7th over - 1 run(s), 1 hit(s), 1 error(s), 2 left on base; Los Angeles 3 - Hendersonville 6
BOTTOM OF THE 7TH
Hendersonville Hitmen batting - Pitching for Los Angeles Bruins : RHP António Juárez
Pitching: RHP Orlando Ojeda
Batting: LHB Lorenzo Villa 0-0: Foul Ball, location: 2F
0-1: Ball
1-1: SINGLE (Groundball, 4MD)
Batting: LHB Terry White 0-0: Swinging Strike
0-1: Foul Ball, location: 2F
0-2: Ball
1-2: Strikes out looking
Batting: SHB David Johnstone 0-0: Ball
1-0: SINGLE (Line Drive, 7LS)
Lorenzo Villa to second
Batting: LHB Jerry Johnston 0-0: Ball
1-0: Called Strike
1-1: Swinging Strike
1-2: Foul Ball, location: 2F
1-2: Foul Ball, location: 2F
1-2: Strikes out looking
Batting: RHB Robert Buckley 0-0: Called Strike
0-1: Ball
1-1: Ground out 6-3 (Groundball, 6)
Bottom of the 7th over - 0 run(s), 2 hit(s), 0 error(s), 2 left on base; Los Angeles 3 - Hendersonville 6
TOP OF THE 8TH
Los Angeles Bruins batting - Pitching for Hendersonville Hitmen : RHP Héctor Reyes
Batting: SHB Miguel González 0-0: Ball
1-0: Foul Ball, location: 2F
1-1: Ball
2-1: Ball
3-1: Base on Balls
Pitching: RHP Robinson Gonzáles
Batting: RHB Morgan Gibbon 0-0: Called Strike
0-1: Fly out, F8 (Flyball, 8RS)
Pitching: LHP Alfonso Ramos
Batting: SHB Zach Franks 0-0: Ball
1-0: SINGLE (Line Drive, 7S)
Miguel González to second
Pitching: RHP Francisco Carrasco
Batting: RHB Shizue Chouda 0-0: Called Strike
0-1: Foul Ball, location: 2F
0-2: Ball
1-2: Foul Ball, location: 2F
1-2: Strikes out swinging
Pitching: LHP Felipe Ramos
Batting: SHB Lee Townsend 0-0: Called Strike
0-1: Called Strike
0-2: Fly out, F5 (Popup, 7LSF)
Top of the 8th over - 0 run(s), 1 hit(s), 0 error(s), 2 left on base; Los Angeles 3 - Hendersonville 6
BOTTOM OF THE 8TH
Hendersonville Hitmen batting - Pitching for Los Angeles Bruins : RHP Orlando Ojeda
Batting: RHB Taylor McFarland 0-0: Fly out, F4 (Line Drive, 4S)
Batting: RHB Carlos García 0-0: Ball
1-0: Ball
2-0: Fly out, F8 (Flyball, 78M)
Batting: SHB Tony López 0-0: Ball
1-0: Foul Ball, location: 2F
1-1: Ball
2-1: DOUBLE (Line Drive, 9LM)
Batting: RHB Manolo Román 0-0: Fly out, F7 (Flyball, 78S)
Bottom of the 8th over - 0 run(s), 1 hit(s), 0 error(s), 1 left on base; Los Angeles 3 - Hendersonville 6
TOP OF THE 9TH
Los Angeles Bruins batting - Pitching for Hendersonville Hitmen : LHP Felipe Ramos
Pitching: RHP Edward Cadle
Batting: SHB Ramón Lugo 0-0: Swinging Strike
0-1: Ball
1-1: Foul Ball, location: 2F
1-2: Ball
2-2: Ball
3-2: SINGLE (Line Drive, 34)
Batting: RHB Tom Doherty Balk!
Ramón Lugo to second
0-0: Foul Ball, location: 2F
0-1: Ball
1-1: Ball
2-1: Ground out 4-3 (Groundball, 4)
Ramón Lugo to third
Batting: LHB Richard Hunter 0-0: Ball
1-0: Swinging Strike
1-1: Ball
2-1: Fly out, F7 (Flyball, 7LM)
Runner from 3rd tags up, SCORES, throw made
Batting: RHB Rubén Calderón 0-0: Foul Ball, location: 2F
0-1: Swinging Strike
0-2: Ball
1-2: Foul Ball, location: 2F
1-2: Hit by Pitch
Batting: SHB Miguel González 0-0: Ball
1-0: Called Strike
1-1: Foul Ball, location: 2F
1-2: Ball
2-2: SINGLE (Line Drive, 9S)
Rubén Calderón to second
Pinch Hitting: LHB Luis Sánchez 0-0: Ball
1-0: Foul Ball, location: 2F
1-1: Ball
2-1: Swinging Strike
2-2: Ball
3-2: Fly out, F5 (Popup, 5DF)
Top of the 9th over - 1 run(s), 2 hit(s), 0 error(s), 2 left on base; Los Angeles 4 - Hendersonville 6
This league is powered by Out of the Park Baseball, the baseball management simulation game for PC, Mac and Linux
Saturday, April 9th, 2016 - OOTP Baseball 16.8 Build 38